 Dungeon Crawl Stone Soup version 0.31-a0-360-gb3e1d13bf4 (webtiles) character file.

Game seed: 6766705439193064014

1849619 Flugkiller the Conqueror (level 27, 419/419 HPs)
             Began as an Ogre Shapeshifter on July 26, 2023.
             Was a High Priest of Wu Jian.
             Escaped with the Orb
             ... and 3 runes!
             The game lasted 01:09:07 (55463 turns).

Flugkiller the Conqueror (Ogre Shapeshifter)       Turns: 55463, Time: 01:09:08

Health: 419/419    AC: 38    Str: 48 (49) XL:     27
Magic:  33/33      EV: 11    Int: 14      God:    Wu Jian [*****.]
Gold:   6683       SH: 22    Dex:  7 (9)  Spells: 26/26 levels left

rFire   + +          .
                       - Unarmed
rCold   + . .        p - +5 tower shield
rNeg    + . .        I - melded +2 robe {Will+}
rPois   ∞            U - +3 hat of Pondering {ponderous, Will+ MP+10 Int+5}
rElec   +            j - scarf {rC+ rF+}
rCorr   .            (gloves unavailable)
SInv    .            (boots unavailable)
Will    +++..        A - amulet of the Ladybird {rF+ Regen+ Slay+3}
Stlth   +            Y - +6 ring of strength
HPRegen 1.69/turn    c - ring of Eternal Night {rElec Str+6}
MPRegen 0.23/turn

%: no passive effects
@: statue-form, studying Dodging, very slow
A: slow and powerful, torment resistance 1, boosted hp, large, unfitting armour,
(tough skin 1), mutation resistance 1, wild magic 1, noise suppression
0: Orb of Zot
}: 3/15 runes: decaying, serpentine, silver
a: Begin Untransformation, Renounce Religion, Wall Jump, Serpent's Lash,
Heavenly Storm


You escaped.
You worshipped Wu Jian.
Wu Jian was extremely pleased with you.
You were a living statue of rough stone.
You visited 8 branches of the dungeon, and saw 44 of its levels.
You visited the Abyss 1 time.
You also visited: Trove and Ossuary.

You collected 7459 gold pieces.
You spent 776 gold pieces at shops.

Inventory:

Missiles
 a - 9 curare-tipped darts
 M - 2 throwing nets
Armour
 j - a scarf of resistance (worn)
   (You found it on level 3 of the Vaults)
 p - a +5 tower shield (worn)
   (You took it off a vault warden on level 2 of the Vaults)
 I - a +2 robe of willpower (melded)
   (You took it off Sigmund on level 6 of the Dungeon)
 U - the +3 hat of Pondering (worn) {ponderous, Will+ MP+10 Int+5}
   (You took it off Gastronok on level 8 of the Dungeon)

   Int:       It affects your intelligence (+5).
   MP:        It affects your magic capacity (+10).
   Will:      It increases your willpower.
Jewellery
 b - the ring of Plog {rPois rC+ AC+4}
   (You found it on level 5 of the Vaults)

   [ring of protection]

   AC:        It affects your AC (+4).
   rC:        It protects you from cold.
   rPois:     It protects you from poison.
 c - the ring of Eternal Night (right fist) {rElec Str+6}
   (You found it on level 2 of the Depths)

   [ring of strength]

   Str:       It affects your strength (+6).
   rElec:     It insulates you from electricity.
 i - a ring of see invisible
   (You found it on level 15 of the Dungeon)
 m - a ring of willpower
   (You took it off a goblin on level 1 of the Dungeon)
 v - a +5 ring of evasion
   (You took it off a yaktaur captain on level 5 of the Vaults)
 y - the ring "Hanad" {rF+ rC+}
   (You found it in a treasure trove)

   [ring of protection from cold]

   rF:        It protects you from fire.
   rC:        It protects you from cold.
 A - the amulet of the Ladybird (around neck) {rF+ Regen+ Slay+3}
   (You found it in a treasure trove)

   [amulet of regeneration]

   Slay:      It affects your accuracy & damage with ranged weapons and melee
   (+3).
   rF:        It protects you from fire.
   Regen:     It increases your rate of health regeneration.
 V - the amulet of Ru's Supremacy {Drain rC+ Will++ Regen+ Str+2}
   (You found it in a treasure trove)

   [amulet of regeneration]

   Str:       It affects your strength (+2).
   rC:        It protects you from cold.
   Regen:     It increases your rate of health regeneration.
   Drain:     It drains your maximum health when unequipped.
   Will:      It greatly increases your willpower.
 Y - a +6 ring of strength (left fist)
   (You found it on level 1 of the Snake Pit)
Wands
 B - a wand of mindburst (14)
   (You found it on level 4 of the Depths)
 C - a wand of digging (18)
   (You found it on level 3 of the Dungeon)
 E - a wand of charming (44)
   (You found it on level 5 of the Dungeon)
 F - a wand of quicksilver (30)
   (You found it on level 5 of the Dungeon)
 W - a wand of roots (41)
   (You found it on level 14 of the Dungeon)
Scrolls
 e - 9 scrolls of fog
 f - 2 scrolls of torment
 t - 15 scrolls of teleportation
 u - 11 scrolls of immolation
 x - 5 scrolls of fear
 z - 5 scrolls of blinking
 D - 5 scrolls of butterflies
 G - 7 scrolls of poison
 O - 2 scrolls of revelation
 Q - 3 scrolls of vulnerability
 Z - a scroll of silence
Potions
 d - 4 potions of might
 g - 3 potions of berserk rage
 h - 4 potions of haste
 k - 6 potions of mutation
 n - 3 potions of resistance
 o - 2 potions of ambrosia
 q - 17 potions of curing
 s - a potion of enlightenment
 w - 6 potions of heal wounds
 H - 5 potions of attraction
 J - 5 potions of lignification
 K - 4 potions of magic
 R - 5 potions of invisibility
 S - 4 potions of cancellation
Miscellaneous
 l - a lightning rod (4/4)
   (You found it on level 11 of the Dungeon)
 L - a tin of tremorstones (2/2)
   (You found it on level 13 of the Dungeon)
 N - a phantom mirror
   (You found it on level 9 of the Dungeon)
 P - a box of beasts
   (You found it on level 11 of the Dungeon)


   Skills:
 O Level 27 Fighting
 - Level 11.0 Dodging
 - Level 15.0 Shields
 O Level 27 Unarmed Combat
 - Level 10.0 Evocations
 + Level 19.7 Shapeshifting


You had 26 spell levels left.
You didn't know any spells.
Your spell library contained the following spells:

 Spells                   Type           Power      Damage    Failure   Level
 Freeze                   Ice            0%         1d3       52%         1
 Kiss of Death            Conj/Necr      0%         2d5       52%         1
 Slow                     Hex            0%         N/A       52%         1
 Summon Small Mammal      Summ           0%         N/A       52%         1
 Ensorcelled Hibernation  Hex/Ice        0%         N/A       65%         2
 Passwall                 Tmut/Erth      0%         N/A       65%         2
 Static Discharge         Conj/Air       0%         2-2/arc   65%         2
 Wereblood                Tmut           0%         N/A       65%         2
 Call Canine Familiar     Summ           0%         N/A       86%         3
 Confusing Touch          Hex            0%         N/A       86%         3
 Dazzling Flash           Conj/Hex       0%         N/A       86%         3
 Frozen Ramparts          Ice            0%         1d1       86%         3
 Hailstorm                Conj/Ice       0%         3d3       86%         3
 Ignite Poison            Fire/Tmut/Pois 0%         N/A       86%         3
 Portal Projectile        Hex/Tloc       0%         N/A       86%         3
 Summon Guardian Golem    Hex/Summ       0%         N/A       86%         3
 Swiftness                Air            0%         N/A       86%         3
 Tukima's Dance           Hex            0%         N/A       86%         3
 Vampiric Draining        Necr           0%         2d6       86%         3
 Volatile Blastmotes      Fire/Tloc      0%         2d10      86%         3
 Airstrike                Air            0%         2d(0-16)  99%         4
 Anguish                  Hex/Necr       0%         N/A       99%         4
 Animate Dead             Necr           0%         N/A       99%         4
 Fulminant Prism          Conj/Hex       0%         3d5       99%         4
 Iskenderun's Mystic Bla  Conj/Tloc      0%         2d3       99%         4
 Leda's Liquefaction      Hex/Erth       0%         N/A       99%         4
 Passage of Golubria      Tloc           0%         N/A       99%         4
 Petrify                  Tmut/Erth      0%         N/A       99%         4
 Summon Ice Beast         Ice/Summ       0%         N/A       99%         4
 Summon Lightning Spire   Summ/Air       0%         N/A       99%         4
 Agony                    Necr           0%         N/A       100%        5
 Fireball                 Conj/Fire      0%         3d3       100%        5
 Irradiate                Conj/Tmut      0%         3d11      100%        5
 Iskenderun's Battlesphe  Conj           0%         2d6       100%        5
 Metabolic Englaciation   Hex/Ice        0%         N/A       100%        5
 Silence                  Hex/Air        0%         N/A       100%        5
 Summon Mana Viper        Hex/Summ       0%         N/A       100%        5
 Yara's Violent Unravell  Hex/Tmut       0%         3d3       100%        5
 Conjure Ball Lightning   Conj/Air       0%         3x3d6     100%        6
 Starburst                Conj/Fire      0%         6d3       100%        6
 Haunt                    Necr/Summ      0%         N/A       100%        7
 Monstrous Menagerie      Summ           0%         N/A       100%        7
 Orb of Destruction       Conj           0%         9d5       100%        7
 Summon Hydra             Summ           0%         N/A       100%        7
 Infestation              Necr           0%         N/A       100%        8
 Lehudib's Crystal Spear  Conj/Erth      0%         10d2      100%        8
 Maxwell's Capacitive Co  Air            0%         ∞         100%        8
 Shatter                  Erth           0%         3d5*      100%        9


Dungeon Overview and Level Annotations

Branches:
Dungeon (15/15)            Temple (0/1) D:6            Lair (5/5) D:9
  Swamp (4/4) Lair:3        Snake (4/4) Lair:2        Slime (0/5) Lair:5
    Orc (2/2) D:11            Elf (0/3) Orc:2        Vaults (5/5) D:14
  Crypt (0/3) Vaults:3     Depths (4/4) D:15            Zot (5/5) Depths:4
Ossuary (visited)

Altars:
Cheibriados
Elyvilon
Fedhas
Makhleb
Nemelex Xobeh
Ru
Trog
Wu Jian
Xom
Zin
The Shining One
Jiyva

Shops:
D:2 *   D:3 ?   D:10 *   D:13 [[   Orc:2 *?(=   Snake:1 *[   Snake:3 :[
Vaults:3 *   Vaults:4 ?   Vaults:5 (   Depths:2 !

Portals:
Hell: Depths:1 Depths:3 Depths:4
Abyss: Depths:2 Depths:3
Pandemonium: Depths:2 Depths:4
Ziggurat: Depths:1

Annotations:
D:1 exclusion: downstairs
D:2 Terence
D:4 exclusion: oklob plant
D:8 3 runed translucent doors, psellion's ghost, novice TrSh
D:10 3 runed translucent doors
D:12 2 transporters, corvin's ghost, journeyman DgWn
D:13 2 transporters, Kaz Ciaw's ghost, journeyman TrSh
Snake:1 1 runed translucent door, Razfen's ghost, adept GnWn
Snake:3 2 runed translucent doors, Cuwuxaq's ghost, adept MiFi
Depths:2 4 runed translucent doors, Reshi88's ghost, adept MiFi
Depths:3 8 runed translucent doors
Depths:4 4 transporters
Zot:4 3 runed translucent doors, exclusion: 3 doors, Heoriaro's ghost, legendary GnFi


Innate Abilities, Weirdness & Mutations

You are a living statue of rough stone.
Your actions are slow, but your melee attacks are powerful.
You are resistant to unholy torment.
Your maximum health is greatly increased.
Your equipment is partially melded.
You are too large for most types of armour.
You are immune to poison.
((You have tough skin. (AC +1)))
You are somewhat resistant to further mutation.
Your spells are a little harder to cast, but a little more powerful.
You passively dampen the noise of your surroundings.


Message History

You see here a +0 whip.
You pummel the Orb Guardian!!
The Orb Guardian is moderately wounded.
You closely miss the Orb Guardian.
The Orb Guardian is moderately wounded.
The Orb Guardian hits you but does no damage.
You pound the Orb Guardian into fine dust!!!!
You kill the Orb Guardian!
The Council accepts your kill.
No target in view!
No target in view!
(D) Dungeon (T) Temple (L) Lair (S) Swamp (P) Snake Pit (M) Slime Pits (O) Orcish Mines (E) Elven Halls (V) Vaults (C) Crypt (U) Depths (H) Hell (Z) Zot
Where to? (Enter - D:1 @ (x,y), ? - help)
There is a stone staircase leading up here.
You climb upwards.
Level annotation: Terence
There is a stone staircase leading down here.
A Zepeprew and a cacodemon come into view.
Your muscles tense, ready for explosive movement...
You lunge with incredible momentum at Zepeprew.
You pound Zepeprew into fine dust!!!!!
You kill Zepeprew!
The Council accepts your kill.
You feel your dexterity returning.
You lunge with incredible momentum at the cacodemon.
You pound the cacodemon into fine dust!!!!!
You kill the cacodemon!
The Council accepts your kill.
Your supernatural speed expires.
There is a stone staircase leading up, spattered with blood here.
You see here a +0 dagger.
You climb upwards.
Level annotation: exclusion: downstairs
There is a stone staircase leading down here.
(D) Dungeon (T) Temple (L) Lair (S) Swamp (P) Snake Pit (M) Slime Pits (O) Orcish Mines (E) Elven Halls (V) Vaults (C) Crypt (U) Depths (H) Hell (Z) Zot
Where to? (Enter - D:1 @ (x,y), ? - help)
You feel less exhausted.
Things that are here:
a +0 dagger; a +0 scale mail 2 demonspawn black suns come into view.
A demonspawn black sun is wielding a +0 glaive and wearing a +2 scale mail of positive energy.
A demonspawn black sun is wielding a +1 vampiric demon blade.
Unknown command.
You hear a chilling moan.
The demonspawn black sun shouts!
You pummel the demonspawn black sun!!
The demonspawn black sun is moderately wounded.
You pulverise the demonspawn black sun!!!
You kill the demonspawn black sun!
The Council accepts your kill.
The demonspawn black sun blocks your attack.
You block something's attack.
Deactivating autopickup; reactivate with Ctrl-A.
You block the demonspawn black sun's attack.
You squash the demonspawn black sun like an ant!!!!
You kill the demonspawn black sun!
The Council accepts your kill. You block something's attack.
You feel your strength returning.
No target in view!
You miss something. Something hits you but does no damage.
No target in view!
No target in view!
You pound something into fine dust!!! Something hits you.
You feel your power leaking away.
You hit something. You block something's attack.
You closely miss something. You block something's attack.
You barely miss something. You pummel something!!
The Council accepts your kill.
Reactivating autopickup.
You feel a bit more experienced.
Things that are here:
a +1 vampiric demon blade; a +0 scale mail; a +0 kite shield
There is a staircase leading out of the dungeon here.
You are a living statue of rough stone.
You are studying Dodging.
Your movement speed is very slow.
Your attack delay is about 0.8.
Your damage rating with unarmed combat is about 113 (Base [12 + 27 (UC)] x 195% (Str) x 145% (Fight) + 3 (Slay)).
Your base attributes are Str 37, Int 9, Dex 9.
Unknown command.
Okay, then.
Really quaff the potion of mutation?
You feel extremely strange.
You feel robust.
You feel healthier.
You feel your surroundings grow quieter.
You feel less in control of your magic.
You feel genetically stable.
You start resting.
HP restored.
You are a living statue of rough stone.
You are studying Dodging.
Your movement speed is very slow.
Your attack delay is about 0.8.
Your damage rating with unarmed combat is about 113 (Base [12 + 27 (UC)] x 195% (Str) x 145% (Fight) + 3 (Slay)).
Your base attributes are Str 37, Int 9, Dex 9.
Unknown command.
Enter note: gg
Enter note: base damage 113 You have escaped!

#≈~≈..###.....).....# #.
#≈≈.~(......8.......####.
#≈~~.....................
#≈~~...8..........#######
#≈≈~~.............#
#≈~~~....[.......##
#≈~.~~...(.....8.#
#≈~≈~~...........#
#≈≈~..~.8.......##
#≈≈≈~~.........8#
#≈≈≈~~.~).).....##
#≈≈≈≈≈≈.~~.~.....#
#≈≈≈≈≈~≈.~~..~~~.#
#≈≈≈≈≈≈≈≈~..~.~~~#
≈≈≈≈≈≈≈≈~~~≈~~~~#
≈≈≈≈≈≈≈≈≈≈≈≈≈≈≈≈#
#################


There were no monsters in sight!

Vanquished Creatures
  2 pandemonium lords
  3 ancient liches
  5 orbs of fire
  Mara (Depths:2)
  Sojobo (Vaults:3)
  Frederick (Vaults:3)
  5 Killer Klowns
  6 golden dragons
  4 caustic shrikes (Depths:4)
  Vashnia (Snake:4)
  Jory (Vaults:2)
  4 bone dragons
  2 electric golems
  22 Orb Guardians
  Mlioglotl (Snake:3)
  15 tentacled monstrosities
  4 liches
  6 quicksilver dragons
  Asterion (Snake:4)
  6 titans
  A walking divine tome (Depths:4)
  A walking frostbound tome (Depths:2)
  An ancient champion (Vaults:3)
  Gastronok (D:8)
  Kirke (Lair:3)
  2 Executioners
  6 sphinxes
  Frances (Snake:1)
  2 thorn hunters
  6 tengu reavers
  15 storm dragons
  10 death cobs
  12 draconian monks
  19 shadow dragons
  Aizul (Vaults:1)
  7 draconian knights
  3 nagarajas (Snake:4)
  Roxanne (Swamp:1)
  2 fenstrider witches
  16 fire giants
  An emperor scorpion (shapeshifter) (Depths:2)
  8 draconian scorchers
  2 deep elf sorcerers (Vaults:5)
  22 vault wardens
  15 frost giants
  An iron dragon (Depths:4)
  A balrug (D:6)
  2 cacodemons
  3 draconian shifters
  7 draconian stormcallers
  4 orc warlords
  9 draconian annihilators
  4 spriggan defenders
  17 ironbound preservers
  13 very ugly things
  2 reapers (Depths:3)
  2 war gargoyles
  7 ironbound thunderhulks
  2 vampire knights
  17 stone giants
  A formless jellyfish (Vaults:1)
  2 eleionomae (Swamp:1)
  9 green draconians
  2 demonspawn black suns (D:1)
  14 black draconians
  A lorocyproca (D:1)
  13 dire elephants
  20 red draconians
  20 white draconians
  4 bunyips
  17 yellow draconians
  14 spark wasps
  15 purple draconians
  3 jiangshi (Depths:3)
  A deep elf death mage (Vaults:5)
  A merfolk javelineer (Depths:2)
  Josephine (Orc:2)
  16 ettins
  4 great orbs of eyes
  9 fire dragons
  6 yaktaur captains
  A rakshasa (Depths:1)
  A shambling mangrove (Swamp:4)
  2 entropy weavers
  3 salamander tyrants
  18 hydras
  Erolcha (D:9)
  4 ghost crabs
  35 vault guards
  An anaconda (shapeshifter) (Depths:2)
  10 ice dragons
  2 hell beasts (Depths:1)
  Erica (D:9)
  9 anacondas
  2 catoblepae
  5 peacekeepers
  12 centaur warriors
  2 ogre magi
  12 ironbound frosthearts
  7 boulder beetles
  12 two-headed ogres
  16 alligators
  4 deep troll shamans (Depths:4)
  3 hell hogs (Depths:1)
  17 naga warriors
  7 deep troll earth magi
  A vampire mage (Depths:3)
  3 orc high priests
  4 tengu warriors
  2 spriggan berserkers (Depths:3)
  A shock serpent (shapeshifter) (Vaults:5)
  18 naga sharpshooters
  6 death yaks (Lair:5)
  Urug (Orc:1)
  10 spriggans
  3 shock serpents
  2 soul eaters (Depths:1)
  3 skeletal warriors (D:12)
  6 sun demons
  3 hell knights
  2 sixfirhies (D:6)
  A death drake (shapeshifter) (Vaults:5)
  4 goliath frogs
  12 iron trolls
  4 skysharks
  4 sea snakes (Snake:1)
  10 large abominations
  4 salamander mystics
  4 glowing orange brains
  57 deep trolls
  An orange crystal statue (D:10)
  3 spriggan druids
  4 naga ritualists (Snake:4)
  10 swamp dragons
  8 bog bodies
  21 ironbound convokers
  21 orc knights
  13 wizards
  6 phantasmal warriors
  13 lindwurms
  3 necromancers
  3 mana vipers
  5 orc sorcerers
  3 deep elf pyromancers
  8 manticores
  31 moths of wrath
  7 will-o-the-wisps
  27 elephants
  10 salamanders
  37 ugly things
  8 cyclopes
  32 black mambas
  A rust devil (D:7)
  A guardian serpent (Snake:3)
  Joseph (D:9)
  21 vault sentinels
  A torpor snail (shapeshifter) (Vaults:5)
  An eye of devastation (shapeshifter) (Vaults:5)
  4 smoke demons (Depths:1)
  12 naga magi
  5 torpor snails (Lair:5)
  15 cane toads
  Maggie (D:8)
  A gargoyle (D:11)
  4 efreet
  49 yaktaurs
  A yaktaur (shapeshifter) (D:15)
  5 unseen horrors
  2 kobold demonologists
  A komodo dragon (shapeshifter) (Vaults:4)
  10 komodo dragons
  3 rime drakes
  An ice devil (D:12)
  A red devil (D:9)
  5 freezing wraiths
  A tengu conjurer (Depths:2)
  An ancient zyme (Abyss:2)
  12 trolls
  A merfolk (D:11)
  A polar bear (Lair:5)
  9 tyrant leeches
  A bloated husk (Swamp:1)
  19 hornets
  14 dream sheep (Lair:5)
  2 blink frogs (Lair:5)
  A snapping turtle (shapeshifter) (Vaults:5)
  2 raiju (Abyss:2)
  A slime creature (shapeshifter) (Vaults:5)
  Sigmund (D:6)
  6 flying skulls (Abyss:2)
  2 centaur simulacra
  52 slime creatures
  4 shadows
  3 vampires
  11 wraiths
  2 wyverns
  53 yaks
  A fire elemental (Depths:1)
  3 basilisks
  5 water elementals
  Grum (Lair:1)
  2 redbacks (Vaults:1)
  5 hogs (Lair:3)
  2 steam dragons
  A human (shapeshifter) (D:15)
  A chaos spawn (Zot:2)
  18 vampire mosquitoes
  Menkaure (D:6)
  7 small abominations (Depths:3)
  48 nagas
  9 swamp worms
  2 swamp worms (shapeshifter)
  13 wargs
  An acid dragon (D:11)
  A floating eye (shapeshifter) (Depths:4)
  11 water moccasins
  56 orc warriors
  A sky beast (D:7)
  A black bear (D:6)
  7 swamp drakes
  A black bear (shapeshifter) (D:15)
  3 ice beasts
  15 ogres
  8 boggarts (Vaults:1)
  A phantom (D:7)
  14 wolves
  12 centaurs
  2 kobold brigands (D:10)
  14 bullfrogs
  11 gnoll sergeants
  Blork the orc (D:4)
  An elf zombie (Ossuary)
  3 scorpions
  10 wights
  A killer bee (D:11)
  An electric eel (D:14)
  11 howler monkeys
  4 troll skeletons (Swamp:3)
  7 centaur zombies (Ossuary)
  4 jellies
  8 hounds
  4 human zombies (Ossuary)
  30 orc priests
  2 gnoll boudas (D:7)
  Jessica (D:3)
  4 iguanas
  19 orc wizards
  A sleepcap (D:7)
  3 mummies (Ossuary)
  9 adders
  26 gnolls
  A white imp (D:7)
  An ufetubus (D:5)
  2 dart slugs
  89 orcs
  7 endoplasms
  3 giant cockroaches
  7 goblins
  8 hobgoblins
  6 jackals
  14 kobolds
  4 quokkas
  13 ball pythons
  4 bats
  5 frilled lizards
  9 rats
  A spectral weapon (Snake:4)
2084 creatures vanquished.

Vanquished Creatures (collateral kills)
  Sonja (D:10)
1 creature vanquished.

Vanquished Creatures (others)
  A fire giant (Depths:2)
  A bloated husk (Swamp:4)
  22 foxfires
24 creatures vanquished.

Grand Total: 2109 creatures vanquished

Notes
Turn   | Place    | Note
-------+----------+-------------------------------------------
     0 | D:1      | Flugkiller the Ogre Shapeshifter began the quest for the
                  | Orb.
     0 | D:1      | Reached XP level 1. HP: 19/19 MP: 1/1
   114 | D:1      | Reached XP level 2. HP: 28/28 MP: 2/2
   389 | D:1      | Reached XP level 3. HP: 36/36 MP: 3/3
   804 | D:2      | Noticed Terence
  1220 | D:2      | Found Sigah's Assorted Antiques.
  1509 | D:2      | Reached XP level 4. HP: 40/45 MP: 4/4
  2050 | D:3      | Found a burning altar of Makhleb.
  2058 | D:3      | Found a snail-covered altar of Cheibriados.
  2085 | D:3      | Noticed Jessica
  2098 | D:3      | Killed Jessica
  2099 | D:3      | Reached XP level 5. HP: 53/55 MP: 5/5
  2237 | D:3      | Found Ziofraco's Magic Scroll Boutique.
  2249 | D:3      | Bought a scroll of blinking for 97 gold pieces
  2641 | D:4      | Got the Omnibus of Loathsome Talus
  2869 | D:3      | Reached skill level 5 in Fighting
  2869 | D:3      | Reached XP level 6. HP: 23/66 MP: 6/6
  3867 | D:4      | Noticed Blork the orc
  3884 | D:4      | Killed Blork the orc
  3885 | D:4      | Reached skill level 5 in Shapeshifting
  3885 | D:4      | Reached XP level 7. HP: 26/76 MP: 7/7
  4276 | D:4      | Found a blossoming altar of Fedhas.
  4297 | D:4      | Noticed an oklob plant
  4578 | D:5      | Entered Level 5 of the Dungeon
  4718 | D:2      | Bought a yellow potion for 27 gold pieces
  4718 | D:2      | Bought a scroll labelled QISEKH NEKLEAPIT for 30 gold
                  | pieces
  5648 | D:5      | Reached XP level 8. HP: 75/88 MP: 8/8
  5907 | D:5      | Found an ornate altar of the Wu Jian Council.
  5973 | D:5      | Became a worshipper of the Wu Jian Council
  6080 | D:5      | Found a glowing silver altar of Zin.
  6080 | D:5      | Found a glowing golden altar of the Shining One.
  6080 | D:5      | Found a white marble altar of Elyvilon.
  6794 | D:6      | Found a staircase to the Ecumenical Temple.
  6823 | D:6      | Noticed Menkaure
  6826 | D:6      | Killed Menkaure
  6827 | D:6      | Reached skill level 5 in Unarmed Combat
  6827 | D:6      | Reached XP level 9. HP: 96/97 MP: 9/9
  6872 | D:6      | Noticed Sigmund
  6882 | D:6      | Killed Sigmund
  7030 | D:6      | Reached * piety under Wu Jian
  7158 | D:6      | Reached skill level 5 in Dodging
  7785 | D:7      | Found a sand-covered staircase.
  7794 | Ossuary  | Entered an ossuary
  7993 | Ossuary  | Reached ** piety under Wu Jian
  8182 | D:7      | Reached XP level 10. HP: 86/106 MP: 10/10
  8781 | D:7      | Reached *** piety under Wu Jian
  9060 | D:7      | Noticed a kobold demonologist
  9065 | D:7      | Killed a kobold demonologist
  9563 | D:8      | Reached **** piety under Wu Jian
  9740 | D:8      | Noticed Maggie
  9744 | D:8      | Killed Maggie
  9762 | D:8      | Found a runed translucent gate.
  9762 | D:8      | Found a runed translucent gate.
  9765 | D:8      | Noticed a white ugly thing
  9769 | D:8      | Noticed psellion's ghost (novice TrSh)
  9772 | D:8      | Found a runed translucent gate.
 10099 | D:8      | Noticed Gastronok
 10113 | D:8      | Killed Gastronok
 10114 | D:8      | Reached XP level 11. HP: 98/113 MP: 11/11
 10241 | D:9      | Identified the +4 falchion of Jitiat {flame, rC+ rN+}
 10255 | D:9      | Noticed a two-headed ogre
 10260 | D:9      | Killed a two-headed ogre
 10490 | D:9      | Noticed a two-headed ogre
 10494 | D:9      | Killed a two-headed ogre
 10495 | D:9      | Reached skill level 10 in Fighting
 10587 | D:9      | Noticed Joseph
 10598 | D:9      | Killed Joseph
 10665 | D:9      | Noticed Erica
 10668 | D:9      | Killed Erica
 10883 | D:9      | Noticed Erolcha
 10890 | D:9      | Killed Erolcha
 10960 | D:9      | Found a sacrificial altar of Ru.
 11182 | D:9      | Found a staircase to the Lair.
 11496 | D:10     | Entered Level 10 of the Dungeon
 11633 | D:10     | Found a runed translucent door.
 11649 | D:10     | Found a runed translucent door.
 11694 | D:10     | Reached XP level 12. HP: 86/136 MP: 12/12
 11870 | D:10     | Found a runed translucent door.
 11888 | D:10     | Found a runed translucent door.
 11918 | D:10     | Noticed Sonja
 11920 | Abyss:2  | Cast into level 2 of the Abyss (Sonja)
 11986 | Abyss:2  | Noticed a wretched star
 12133 | Abyss:2  | Found a corrupted altar of Lugonu.
 12136 | D:10     | Escaped the Abyss
 12563 | D:10     | Found a sparkling altar of Nemelex Xobeh.
 12632 | D:10     | Killed Sonja
 12733 | D:10     | Found Leakal's Assorted Antiques.
 12808 | D:10     | Reached ***** piety under Wu Jian
 12963 | D:10     | Reached skill level 10 in Unarmed Combat
 13065 | D:11     | Reached skill level 15 in Fighting
 13401 | D:11     | Found a staircase to the Orcish Mines.
 13603 | D:11     | Reached skill level 1 in Evocations
 14087 | D:11     | Reached XP level 13. HP: 149/149 MP: 13/13
 14346 | D:11     | Reached skill level 5 in Evocations
 14910 | Lair:1   | Entered Level 1 of the Lair of Beasts
 15188 | Lair:1   | Noticed Grum
 15200 | Lair:1   | Killed Grum
 15942 | Lair:2   | Found a staircase to the Snake Pit.
 16626 | Lair:2   | Reached XP level 14. HP: 142/159 MP: 14/14
 17011 | Lair:2   | Found a glowing golden altar of the Shining One.
 17173 | Lair:3   | Reached ****** piety under Wu Jian
 17332 | Lair:3   | Noticed Kirke
 17601 | Lair:3   | Killed Kirke
 17806 | Lair:3   | Found a staircase to the Swamp.
 18394 | Lair:4   | Identified the amulet of Unaan {Reflect +Blink rF+ Int+4
                  | SH+5}
 19247 | Lair:5   | Entered Level 5 of the Lair of Beasts
 20011 | Lair:5   | Found a viscous altar of Jiyva.
 20011 | Lair:5   | Found a staircase to the Slime Pits.
 20231 | Lair:5   | Reached XP level 15. HP: 158/176 MP: 15/15
 20724 | Lair:5   | Found a runed translucent door.
 21051 | Lair:5   | Paralysed by a hornet for 2 turns
 21586 | Lair:5   | Reached skill level 10 in Dodging
 22518 | Lair:5   | Paralysed by a hornet for 1 turns
 23255 | D:12     | Noticed corvin's ghost (journeyman DgWn)
 23266 | D:12     | Found a bloodstained altar of Trog.
 23273 | D:12     | Found a transporter.
 23276 | D:12     | Found a transporter.
 23601 | D:13     | Found a transporter.
 23611 | D:13     | Noticed Kaz Ciaw's ghost (journeyman TrSh)
 23631 | D:13     | Found Norevoeq's Armour Boutique.
 23723 | D:13     | Found Kuownit's Armour Shop.
 23969 | D:13     | Found a transporter.
 24025 | D:13     | Reached skill level 15 in Unarmed Combat
 24896 | D:14     | Reached XP level 16. HP: 187/189 MP: 16/16
 24966 | D:14     | Found a gate to the Vaults.
 25550 | D:15     | Entered Level 15 of the Dungeon
 25917 | D:15     | Reached skill level 10 in Shapeshifting
 26502 | D:15     | Found a staircase to the Depths.
 26516 | D:15     | Identified the +6 short sword of the Three Mystics {venom,
                  | rElec Will+ MP+9}
 26834 | Orc:1    | Entered Level 1 of the Orcish Mines
 27433 | Orc:2    | Entered Level 2 of the Orcish Mines
 27433 | Orc:2    | Found a staircase to the Elven Halls.
 27566 | Orc:2    | Found Viagaahi's Antique Weapon Boutique.
 27566 | Orc:2    | Found Hittogip's Jewellery Emporium.
 27788 | Orc:2    | Noticed Josephine
 27794 | Orc:2    | Killed Josephine
 27879 | Orc:2    | Found Rach's General Store.
 27886 | Orc:2    | Found Zoujin's Magic Scroll Emporium.
 28898 | Orc:1    | Noticed Urug
 28912 | Orc:1    | Killed Urug
 28970 | Orc:1    | Found a shimmering altar of Xom.
 29170 | Snake:1  | Entered Level 1 of the Snake Pit
 29171 | Snake:1  | Noticed Frances
 29178 | Snake:1  | Killed Frances
 29215 | Snake:1  | Reached XP level 17. HP: 163/201 MP: 17/17
 29282 | Snake:1  | Found Usogh's Armour Emporium.
 29307 | Snake:1  | Found Nyreer's General Store.
 29315 | Snake:1  | Bought a scroll of blinking for 105 gold pieces
 29599 | Snake:1  | Found a runed translucent door.
 29599 | Snake:1  | Noticed Razfen's ghost (adept GnWn)
 30891 | Snake:3  | Reached skill level 15 in Shapeshifting
 31036 | Snake:3  | Found Vietiq's Antique Armour Shoppe.
 31036 | Snake:3  | Found Jurpha Iserou's Book Emporium.
 31159 | Snake:3  | Found a large runed translucent door.
 31159 | Snake:3  | Found a large runed translucent door.
 31168 | Snake:3  | Noticed Cuwuxaq's ghost (adept MiFi)
 31707 | Snake:4  | Entered Level 4 of the Snake Pit
 31707 | Snake:4  | Found a glowing silver altar of Zin.
 31867 | Snake:4  | Noticed Mlioglotl
 31874 | Snake:4  | Noticed a bone dragon
 31876 | Snake:3  | Killed Mlioglotl
 32243 | Snake:4  | Reached XP level 18. HP: 188/213 MP: 18/18
 32520 | Snake:4  | Noticed Vashnia
 32525 | Snake:4  | Killed Vashnia
 32995 | Snake:4  | Noticed Asterion
 33000 | Snake:4  | Killed Asterion
 33072 | Snake:4  | Got a serpentine rune of Zot
 33400 | Swamp:1  | Entered Level 1 of the Swamp
 33408 | Swamp:1  | You fall into a shaft and drop 1 floor!
 33606 | Swamp:1  | Noticed Roxanne
 33609 | Swamp:1  | Killed Roxanne
 34402 | Swamp:3  | Paralysed by a fenstrider witch for 4 turns
 35124 | Swamp:4  | Entered Level 4 of the Swamp
 35235 | Swamp:4  | Reached XP level 19. HP: 228/228 MP: 19/19
 35273 | Swamp:4  | Got a decaying rune of Zot
 36194 | Vaults:1 | Entered Level 1 of the Vaults
 36888 | Vaults:1 | Noticed Aizul
 36890 | Vaults:1 | Killed Aizul
 37422 | Vaults:2 | Reached XP level 20. HP: 247/247 MP: 20/20
 37805 | Vaults:2 | Noticed Jory
 37807 | Vaults:2 | Killed Jory
 38488 | Vaults:2 | Identified the +3 robe "Ruple" {Harm}
 38587 | Vaults:3 | Found Gejeunau's General Store.
 38589 | Vaults:3 | Noticed Frederick
 38610 | Vaults:3 | Killed Frederick
 39484 | Vaults:3 | Found a staircase to the Crypt.
 39507 | Vaults:3 | Reached XP level 21. HP: 262/262 MP: 21/21
 39535 | Vaults:3 | Found a portal to a secret trove of treasure.
 39566 | Vaults:3 | Identified the ring of the Crown {Wiz rC++}
 39571 | Vaults:3 | Noticed Sojobo
 39586 | Vaults:3 | Killed Sojobo
 40195 | Vaults:4 | Reached skill level 27 in Fighting
 40874 | Vaults:4 | Found Vazol's Magic Scroll Shoppe.
 41521 | Depths:1 | Entered Level 1 of the Depths
 41537 | Depths:1 | Found a one-way gateway to a ziggurat.
 41624 | Depths:1 | Found a gateway to Hell.
 41707 | Depths:1 | Reached XP level 22. HP: 222/275 MP: 22/22
 41734 | Depths:1 | Found a shimmering altar of Xom.
 41806 | Depths:1 | Found a sparkling altar of Nemelex Xobeh.
 42299 | Vaults:3 | You paid a toll of +2 ice dragon scales to enter a treasure
                  | trove
 42300 | Trove    | Entered a treasure trove
 42304 | Trove    | Identified the ring "Onex" {rN+ Will+ Int+6 Dex-3}
 42306 | Trove    | Identified the ring "Baski" {rN+ Int+6 Dex+2}
 42314 | Trove    | Identified the ring "Ysoopeom" {Ice Int+3}
 42318 | Trove    | Identified the ring "Hanad" {rF+ rC+}
 42320 | Trove    | Identified the amulet of the Ladybird {rF+ Regen+ Slay+3}
 42322 | Trove    | Identified the ring "Giedur" {rF+ MP-9 Int+3 Dex+6}
 42327 | Trove    | Identified the amulet of Ru's Supremacy {Drain rC+ Will++
                  | Regen+ Str+2}
 42537 | Depths:2 | Found a runed translucent door.
 42537 | Depths:2 | Found the ring of Shadows {Umbra +Inv Stlth+}
 42538 | Depths:2 | Found a runed translucent door.
 42654 | Depths:2 | Found a runed translucent door.
 42657 | Depths:2 | Found a runed translucent door.
 42694 | Depths:2 | Identified the +0 cloak of Dawn {Rampage rF+ rC++ Dex-3}
 42712 | Depths:2 | Identified the ring of Eternal Night {rElec Str+6}
 43292 | Depths:2 | Found a one-way gate leading to the halls of Pandemonium.
 43332 | Depths:2 | Noticed Mara
 43336 | Depths:2 | Noticed Flugkiller's illusion
 43341 | Depths:2 | Killed Mara
 43362 | Depths:2 | Found a runed translucent door.
 43362 | Depths:2 | Noticed Reshi88's ghost (adept MiFi)
 43383 | Depths:2 | Found a one-way gate to the infinite horrors of the Abyss.
 43595 | Depths:2 | Found Qazig's Distillery.
 43607 | Depths:2 | Bought a potion of heal wounds for 105 gold pieces
 43609 | Depths:2 | You fall into a shaft and drop 1 floor!
 43860 | Depths:3 | Identified the +1 robe of Mifoff {Str+3}
 43956 | Depths:3 | Found a large runed translucent door.
 43958 | Depths:3 | Noticed a caustic shrike
 43960 | Depths:3 | Found a large runed translucent door.
 44040 | Depths:3 | Found a large runed translucent door.
 44043 | Depths:3 | Found a large runed translucent door.
 44044 | Depths:3 | Found a large runed translucent door.
 44182 | Depths:3 | Found a large runed translucent door.
 44183 | Depths:3 | Found a large runed translucent door.
 44614 | Depths:3 | Found a large runed translucent door.
 44644 | Depths:4 | Entered Level 4 of the Depths
 44796 | Depths:4 | Reached XP level 23. HP: 282/284 MP: 23/23
 44841 | Depths:4 | Noticed a caustic shrike
 44842 | Depths:4 | Noticed a caustic shrike
 44843 | Depths:4 | Noticed a caustic shrike
 44843 | Depths:4 | Killed a caustic shrike
 44848 | Depths:4 | Killed a caustic shrike
 44853 | Depths:4 | Killed a caustic shrike
 44930 | Depths:4 | Found a transporter.
 44937 | Depths:4 | Found a transporter.
 44938 | Depths:4 | Found a transporter.
 44961 | Depths:4 | Noticed a caustic shrike
 44965 | Depths:4 | Killed a caustic shrike
 45116 | Depths:4 | Identified the +8 orcbow "Ulucif" {drain, MP+9 Int+4
                  | Stlth+}
 45261 | Depths:4 | Found a gate to the Realm of Zot.
 45542 | Depths:4 | Found a transporter.
 46064 | Vaults:5 | Entered Level 5 of the Vaults
 46151 | Vaults:5 | Identified the +3 robe of Kuoquwko {Rampage Int-4 Dex+2}
 46153 | Vaults:5 | Identified the +4 eveningstar "Baxo" {pain, +Blink rC+
                  | rCorr Dex+2}
 46184 | Vaults:5 | Reached XP level 24. HP: 295/295 MP: 23/23
 46229 | Vaults:5 | Got Paippam's Grimoire of Mutagenic Creation
 46275 | Vaults:5 | Noticed an ancient lich
 46277 | Vaults:5 | Killed an ancient lich
 46343 | Vaults:5 | Noticed an ancient lich
 46348 | Vaults:5 | Killed an ancient lich
 46348 | Vaults:5 | Found Pimab's Antique Weapon Boutique.
 46523 | Vaults:5 | Got a silver rune of Zot
 46569 | Vaults:5 | Identified the ring of Plog {rPois rC+ AC+4}
 46598 | Vaults:5 | Reached skill level 27 in Unarmed Combat
 47350 | Zot:1    | Entered Level 1 of the Realm of Zot
 48455 | Zot:1    | Reached skill level 1 in Shields
 48478 | Zot:1    | You fall into a shaft and drop 1 floor!
 48805 | Vaults:4 | Bought a scroll of enchant armour for 105 gold pieces
 49036 | Orc:2    | Bought a scroll of enchant armour for 105 gold pieces
 49036 | Orc:2    | Bought a scroll of enchant armour for 105 gold pieces
 49233 | D:3      | Bought a scroll of enchant armour for 97 gold pieces
 50337 | Zot:1    | Reached skill level 5 in Shields
 51069 | Zot:2    | Reached XP level 25. HP: 239/304 MP: 23/23
 51071 | Zot:2    | Noticed an orb of fire
 51078 | Zot:2    | Gained mutation: Your body sometimes deteriorates upon
                  | taking damage. [an orb of fire]
 51080 | Zot:2    | Reached skill level 10 in Shields
 51080 | Zot:2    | Killed an orb of fire
 53121 | Zot:4    | Reached skill level 15 in Shields
 53172 | Zot:4    | Found a runed translucent gate.
 53172 | Zot:4    | Found a runed translucent gate.
 53172 | Zot:4    | Found a runed translucent gate.
 53172 | Zot:4    | Noticed Heoriaro's ghost (legendary GnFi)
 53173 | Zot:4    | Noticed an orb of fire
 53176 | Zot:4    | Reached skill level 10 in Evocations
 53614 | Zot:4    | Reached XP level 26. HP: 304/304 MP: 23/23
 53656 | Zot:4    | Noticed an orb of fire
 53656 | Zot:4    | Noticed an orb of fire
 53656 | Zot:4    | Noticed a Killer Klown
 53664 | Zot:4    | Killed an orb of fire
 53680 | Zot:4    | Killed an orb of fire
 53693 | Zot:4    | Killed a Killer Klown
 54317 | Zot:5    | Entered Level 5 of the Realm of Zot
 54826 | Zot:5    | Noticed a Killer Klown
 54826 | Zot:5    | Noticed an orb of fire
 54830 | Zot:5    | Noticed an orb of fire
 54832 | Zot:5    | Killed an orb of fire
 54833 | Zot:5    | Killed an orb of fire
 54835 | Zot:5    | Killed a Killer Klown
 54838 | Zot:5    | Noticed a Killer Klown
 54840 | Zot:5    | Noticed a Killer Klown
 54841 | Zot:5    | Noticed an ancient lich
 54841 | Zot:5    | Killed a Killer Klown
 54842 | Zot:5    | Killed an ancient lich
 54844 | Zot:5    | Killed a Killer Klown
 54879 | Zot:5    | Got the Orb of Zot
 54879 | Zot:5    | Noticed a Killer Klown
 54880 | Zot:5    | Noticed a Killer Klown
 54880 | Zot:5    | Killed a Killer Klown
 54881 | Zot:5    | Noticed a Killer Klown
 55128 | D:15     | Gained mutation: You are frail. (-10% HP) [a cacodemon]
 55139 | D:14     | Noticed a seraph
 55178 | D:12     | Noticed Seppani the pandemonium lord
 55181 | D:12     | Noticed Cili Kea the pandemonium lord
 55181 | D:12     | Noticed an ancient lich
 55184 | D:11     | Killed Cili Kea the pandemonium lord
 55271 | D:7      | Reached XP level 27. HP: 290/290 MP: 23/23
 55379 | D:2      | Noticed Zepeprew the pandemonium lord
 55379 | D:2      | Killed Zepeprew the pandemonium lord
 55445 | D:1      | Lost mutation: You are frail. (-10% HP) [potion of
                  | mutation]
 55445 | D:1      | Lost mutation: Your body sometimes deteriorates upon taking
                  | damage. [potion of mutation]
 55445 | D:1      | Gained mutation: You passively dampen the noise of your
                  | surroundings. [potion of mutation]
 55445 | D:1      | Gained mutation: Your spells are a little harder to cast,
                  | but a little more powerful. [potion of mutation]
 55445 | D:1      | Gained mutation: You are somewhat resistant to further
                  | mutation. [potion of mutation]
 55462 | D:1      | gg
 55462 | D:1      | base damage 113
 55463 | D:$      | Escaped with the Orb!

Illustrated notes

#≈~≈..###.....).....# #.
#≈≈.~(......8.......####.
#≈~~.....................
#≈~~...8..........#######
#≈≈~~.............#
#≈~~~....[.......##
#≈~.~~...(.....8.#
#≈~≈~~...........#
#≈≈~..~.8.......##
#≈≈≈~~.........8#
#≈≈≈~~.~).).....##
#≈≈≈≈≈≈.~~.~.....#
#≈≈≈≈≈~≈.~~..~~~.#
#≈≈≈≈≈≈≈≈~..~.~~~#
≈≈≈≈≈≈≈≈~~~≈~~~~#
≈≈≈≈≈≈≈≈≈≈≈≈≈≈≈≈#
#################


Turn 55462 on D:1: gg

Levels and vault maps discovered:
D:1:      nicolae_arrival_washed_ashore, layout_loops_ring, st_stairs_3
D:2:      layout_loops_ring, serial_shops, shop, uniq_terence
D:3:      layout_rooms, jmf_multi_god_temple, serial_shops,
          nicolae_shop_tiny_waterfront, chequers_serial_rivers_large_a,
          uniq_jessica
D:4:      layout_layer_cave, tgw_fedhas, uniq_blork_the_orc
D:5:      layout_basic, dreamdust_divine_triumvirate, nzn_wu_jian_contemplation
D:6:      layout_basic, minmay_temple_entry_gardened_gates, uniq_menkaure,
          uniq_sigmund
D:7:      lemuel_castle_with_subvaults [lemuel_castle_interior_carwin_3],
          layout_loops_cross, nicolae_ossuary_entry_monument
D:8:      layout_rooms, gammafunk_ghost_split, uniq_gastronok, uniq_maggie
D:9:      layout_stronghold, nicolae_ru_path_of_blood, lair_entry_dummy,
          grunt_ministairs_13, kennysheep_generic_room_3, uniq_erica,
          uniq_erolcha, uniq_joseph
D:10:     layout_basic, lemuel_round_altar, serial_shops,
          nicolae_shop_back_alley_shop, minmay_statue_crystal_thing, uniq_sonja
D:11:     minmay_the_grid_triangle_9x9_rhombus_full
          [minmay_the_grid_triangle_9x9_intruding_spiral,
          minmay_the_grid_triangle_9x9_sparse_checkered,
          minmay_the_grid_triangle_9x9_skeleton,
          minmay_the_grid_triangle_9x9_descending_squares,
          minmay_the_grid_triangle_9x9_semitri,
          minmay_the_grid_triangle_9x9_minimal,
          minmay_the_grid_triangle_9x9_steps,
          minmay_the_grid_triangle_9x9_prize_insulated], layout_cave_pools,
          orc_0_dummy, hangedman_fish_farm
D:12:     layout_basic, gammafunk_ghost_wrathful_warriors, minivault_24,
          chequers_garden
D:13:     layout_irregular_city, gammafunk_ghost_arena, serial_shops, shop, shop
D:14:     layout_basic, david_vaults_2, serial_bayou_pond_b
D:15:     hangedman_depths_entry_civil_slaughter, layout_small_grid,
          due_unseen_surprise
Lair:1:   layout_chaotic_city, lemuel_fruit_tree, grunt_megastairs_1, uniq_grum
Lair:2:   layout_chaotic_city, guppyfry_snake_entry_island, serial_bayou_pond_a,
          lemuel_centaur_altar
Lair:3:   layout_hall_layers, skrybe_swamp_entry_bodies,
          chequers_serial_rivers_micro_d, uniq_kirke
Lair:4:   layout_loops_ring, serial_bayou_pond_b, grunt_forest_stairs_basic,
          grunt_megastairs_4
Lair:5:   hangedman_lair_in_review, layout_cellular_growth, wormcave,
          minmay_slime_entry_pillars
Swamp:1:  layout_falls_marsh, evilmike_swamp_ruin_house_5,
          nicolae_swamp_round_clearing, uniq_roxanne
Swamp:2:  layout_falls_marsh, evilmike_swamp_ruin_house_1
Swamp:3:  layout_basic_swamp, evilmike_swamp_ruin_house_4, swamp_pool1,
          cheibrodos_swamp_minitomb
Swamp:4:  swamp, layout_basic_swamp, swamp_pool4, infiniplex_staircase_pool
Snake:1:  minmay_snake_river, layout_rooms, gammafunk_ghost_grave, serial_shops,
          shop, nicolae_shop_tiny_real_fake_doors, uniq_frances
Snake:2:  layout_gridlike
Snake:3:  layout_layer_cave, ebering_ghost_disaster_area, minmay_shoptagon,
          serial_bayou_shore_b
Snake:4:  minmay_snake_end_coiled, layout_misc_corridors, basic_altar,
          uniq_mlioglotl, uniq_vashnia, uniq_asterion
Orc:1:    layout_caves, basic_altar, uniq_urug
Orc:2:    st_orc_town, layout_caves, uniq_josephine
Vaults:1: hangedman_vaults_slice, nicolae_vaults_an_arrangement, v_pattern_3,
          hangedman_vaults_cutoff, vaults_standard_mumra_enter_the_diamond,
          nicolae_vaults_wrenched, v_misc_33, ontoclasm_vaults_ring_square,
          nicolae_vaults_variable_pillar_hall, v_misc_15, layout_vaults_ring,
          uniq_aizul
Vaults:2: hangedman_vaults_nodes, nicolae_vaults_closet_pinwheel_3,
          ontoclasm_vaults_tryst, hangedman_vaults_pinch, v_misc_16,
          nicolae_vaults_tetromino_L_1, ontoclasm_vaults_chip,
          vaults_mumra_minichess, v_alt_pattern_1,
          nicolae_vaults_little_squares_6, vaults_room_corners,
          nicolae_vaults_oval_intersection, nicolae_vaults_asterisk,
          ontoclasm_vaults_ring_square, layout_vaults_omnicross, uniq_jory
Vaults:3: v_misc_16, nicolae_vaults_apartment_2,
          minmay_crypt_entry_simple_sparse, v_misc_1, vaults_room_door_hall,
          vaults_room_corners, vaults_room_ringed_pool, nicolae_vaults_theta,
          nicolae_vaults_sesquioval_fish, nicolae_vaults_little_squares_4,
          ontoclasm_vaults_chip, nicolae_vaults_apartment_2,
          nicolae_vaults_trapezoid_lopsided_3, layout_vaults_big_room,
          enter_trove_0, serial_shops, shop_fountains, uniq_sojobo,
          uniq_frederick, uniq_margery
Vaults:4: hangedman_vaults_unwind, nicolae_vaults_network_periphery,
          nicolae_vaults_storage_closets_3, nicolae_vaults_inception_scallops,
          nicolae_vaults_trapezoid_lopsided_4, nicolae_vaults_sesquioval_fish,
          special_room_vaults [special_room_orc], v_misc_18,
          nicolae_vaults_tangram_1, nicolae_vaults_door_testing_chamber,
          vaults_room_semicircle, nicolae_vaults_apartment_1,
          nicolae_vaults_diagonal_hallway_8, layout_vaults_omnibox,
          serial_shops, nicolae_shop_hallway_stairs
Vaults:5: serial_shops
Depths:1: layout_cross, enter_ziggurat_b, old_standard_altar, hellmouth_3,
          xom_teletrap_fun, serial_bayou_shore_b
Depths:2: impenetrable_vault, layout_cave_pools, gammafunk_ghost_grave,
          pan_entry, abyss_entry_crystal, nicolae_the_louvre, serial_shops,
          nicolae_shop_industrial_runoff, grunt_hell_entry_demonic_statue,
          uniq_mara
Depths:3: minmay_five_octagons, layout_basic, abyss_entry_glasseish,
          pf_dread_powers_of_hell, laboratory
Depths:4: grunt_crosshair, layout_honeycomb, hangedman_coc_ice_floe, pan_entry,
          serial_bayou_ford_a, minmay_misc_feat_nine_boxes,
          nicolae_transporter_circle
Zot:1:    layout_concentric_octagons
Zot:2:    lemuel_halls_of_wrath, layout_onion_interference, st_stairs_12,
          skrybe_zot_glass_3
Zot:3:    layout_cathedral_of_symmetry
Zot:4:    grunt_deathspiral_small, layout_onion_interference,
          gammafunk_ghost_tricky_traps, lemuel_baited_zot_trap,
          st_large_dragon_hoard_1
Zot:5:    layout_twisted_circle

Skill      XL: |  1  2  3  4  5  6  7  8  9 10 11 12 13 14 15 16 17 18 19 20 21 22 23 24 25 26 |
---------------+-------------------------------------------------------------------------------+-----
Fighting       | 2 3 4 5 6 8 13 15 18 19 20 22 24 26 27 | 27.0
Unarmed Combat | 3 5 7 8 11 12 13 15 17 18 19 22 24 26 27 | 27.0
Shapeshifting  | 4 5 6 9 12 15 19 | 19.7
Dodging        | 4 6 8 9 11 | 11.0
Evocations     | 3 7 8 9 10 | 10.0
Shields        | 9 15 | 15.0

Action                     |  1- 3 |  4- 6 |  7- 9 | 10-12 | 13-15 | 16-18 | 19-21 | 22-24 | 25-27 || total
---------------------------+-------+-------+-------+-------+-------+-------+-------+-------+-------++-------
  Melee: Unarmed           |    50 |       |    15 |   418 |   780 |  1052 |   899 |   797 |   610 ||  4621
         Punch             |     1 |       |    10 |     1 |       |    83 |   107 |   101 |       ||   303
         Short sword       |    47 |   194 |    45 |       |       |       |       |       |       ||   286
         Trident           |       |       |   258 |    12 |       |       |       |       |       ||   270
         Constrict         |       |       |       |   103 |   155 |    37 |       |       |       ||   295
 Invoke: Serpent's Lash    |       |       |       |     9 |    14 |    13 |    14 |    17 |    16 ||    83
         Heavenly Storm    |       |       |       |       |     1 |       |     2 |     1 |     2 ||     6
Ability: Lunge             |       |       |       |    40 |    54 |    88 |    68 |    89 |    28 ||   367
         Whirlwind         |       |       |       |    16 |    57 |    47 |   142 |   134 |   140 ||   536
  Evoke: Wand              |       |       |       |     4 |     3 |     1 |     1 |     3 |       ||    12
         Phantom mirror    |       |       |       |     1 |       |       |       |       |       ||     1
         Tin of tremorston |       |       |       |       |       |       |     3 |       |       ||     3
         Lightning rod     |       |       |       |       |       |       |     4 |       |       ||     4
    Use: Scroll            |     1 |     3 |     6 |    12 |     6 |     3 |     1 |    10 |     3 ||    45
         Potion            |       |       |     2 |     7 |       |     1 |     2 |       |     2 ||    14
   Stab: Sleeping          |     1 |       |       |       |     1 |       |       |       |       ||     2
         Distracted        |       |       |       |       |       |     2 |     1 |       |       ||     3
 Armour: Animal skin       |    39 |    50 |   144 |     5 |       |       |       |       |       ||   238
         Skin              |       |       |    27 |    86 |   190 |   589 |   612 |   465 |   321 ||  2290
  Dodge: Dodged            |    52 |    97 |   201 |   196 |   361 |   678 |   500 |   344 |   223 ||  2652
  Block: Other             |       |       |       |       |    16 |   263 |   187 |     1 |       ||   467
         Reflection        |       |       |       |       |     1 |    32 |    21 |       |       ||    54
         Tower shield      |       |       |       |       |       |       |       |    91 |   523 ||   614
   Form: Anaconda          |       |       |       |     2 |       |     1 |       |       |       ||     3
         Beast             |       |       |       |     1 |       |       |       |       |       ||     1
         Statue            |       |       |       |       |       |     2 |       |       |       ||     2

Table legend: (Time is in decaauts)
 A = Elapsed time spent in this place.
 B = Non-inter-level travel time spent in this place.
 C = Inter-level travel time spent in this place.
 D = Time resting spent in this place.
 E = Time spent auto-exploring this place.
 F = Levels seen in this place.
 G = Mean time per level.
                   A        B        C        D        E       F      G
               +--------+--------+--------+--------+--------+-----+--------+
         Total |  71640 |  61514 |  10126 |  15411 |  34594 |  47 | 1524.3 |
       Dungeon |  22495 |  18368 |   4127 |   6349 |   8458 |  15 | 1499.7 |
          Lair |   8406 |   7472 |    934 |   3050 |   3250 |   5 | 1681.2 |
         Swamp |   4401 |   3830 |    571 |    720 |   2431 |   4 | 1100.2 |
     Snake Pit |   6612 |   6377 |    235 |   1242 |   4141 |   4 | 1653.0 |
  Orcish Mines |   2173 |   1773 |    400 |    169 |   1167 |   2 | 1086.5 |
        Vaults |  11475 |   9469 |   2006 |   1938 |   5710 |   5 | 2295.0 |
        Depths |   6215 |   4958 |   1257 |    663 |   3127 |   4 | 1553.8 |
           Zot |   9339 |   8744 |    595 |   1113 |   6219 |   5 | 1867.8 |
         Abyss |    219 |    219 |      0 |    110 |      0 |   1 |  219.0 |
         Trove |     56 |     56 |      0 |      0 |     23 |   1 |   56.0 |
       Ossuary |    246 |    246 |      0 |     55 |     64 |   1 |  246.0 |
               +--------+--------+--------+--------+--------+-----+--------+

Top non-repeatable levels by time:
  Lair:5: 3033 daAuts
Vaults:2: 3033 daAuts
   Zot:1: 2722 daAuts
 Snake:3: 2689 daAuts
Vaults:3: 2556 daAuts
   Zot:4: 2134 daAuts
     D:4: 2126 daAuts
Vaults:4: 2110 daAuts
     D:9: 2106 daAuts
Vaults:1: 2101 daAuts
    D:11: 2075 daAuts
Depths:3: 2037 daAuts
   Zot:2: 1981 daAuts
    D:10: 1866 daAuts
 Snake:4: 1832 daAuts
